 Dungeon Crawl Stone Soup version 0.13.0-18-g7b03ea5 (webtiles) character file.

235 MDvedh the Vexing (level 4, -4/24 HPs)
             Began as a Kobold Enchanter on Oct 22, 2013.
             Slain by a small abomination (16 damage)
             ... on Level 1 of the Abyss.
             The game lasted 00:11:30 (3145 turns).

MDvedh the Vexing (Kobold Enchanter)                Turns: 3145, Time: 00:11:30

HP  -4/24        AC  4     Str  7      XL: 4   Next: 78%
MP   8/8         EV 15     Int 13      God:
Gold 149         SH  0     Dex 16      Spells:  2 memorised,  5 levels left

Res.Fire  : . . .   See Invis. : .   a - +1 dagger {=f}
Res.Cold  : . . .   Warding    : .   b - +1 robe
Life Prot.: . . .   Conserve   : .   (no shield)
Res.Poison: .       Res.Corr.  : .   (no helmet)
Res.Elec. : .       Clarity    : .   (no cloak)
Sust.Abil.: . .     Spirit.Shd : .   (no gloves)
Res.Mut.  : .       Stasis     : .   q - +0 pair of boots (curse)
Res.Rott. : .       Flight     : .   (no amulet)
Saprovore : + + .                    (no ring)
                                     (no ring)

@: mildly poisoned, slightly resistant to hostile enchantments, stealthy
A: disease resistance, carnivore 3, saprovore 2
a: no special abilities


You were on level 1 of the Abyss.
You were full.

You visited 1 branch of the dungeon, and saw 3 of its levels.
You visited the Abyss 1 time.

You collected 129 gold pieces.

Inventory:

Hand weapons
 a - a +1,+1 dagger (weapon) {=f}
Missiles
 d - 11 darts (quivered)
Armour
 b - a +1 robe (worn)
 q - a cursed +0 pair of boots (worn)
Comestibles
 f - 3 meat rations
Jewellery
 m - a cursed -3 ring of intelligence
Potions
 j - a potion of invisibility {unknown}
 k - a potion of flight {unknown}
 l - a potion of curing {unknown}
 n - 2 potions of might {unknown}
 o - a potion of speed {unknown}
Books
 c - a book of Maledictions

   Spells                             Type                      Level
   *Corona                            Hexes                        1
   Sure Blade                         Hexes/Charms                 2
   *Ensorcelled Hibernation           Hexes/Ice                    2
   Confuse                            Hexes                        3
   Enslavement                        Hexes                        4
   Invisibility                       Hexes                        6


   Skills:
 + Level 2.8 Short Blades
 - Level 1.3 Throwing
 - Level 2.4 Dodging
 - Level 2.6 Stealth
 - Level 2.5 Spellcasting
 - Level 3.0 Hexes
 + Level 2.2 Ice Magic


You had 5 spell levels left.
You knew the following spells:

 Your Spells              Type           Power        Failure   Level  Hunger
a - Corona                Hex            #......      10%         1    #......
b - Ensorcelled Hibernat  Hex/Ice        #.....       14%         2    ###....


Dungeon Overview and Level Annotations

Branches:
Dungeon (3/27)

Altars:
Kikubaaqudgha

Annotations:
D:3 Crazy Yiuf


Innate Abilities, Weirdness & Mutations

You recuperate from illness quickly.
You are small and have problems with some larger weapons.
You are carnivorous and can eat meat at any time.
You can eat rotten meat.


Message History

You feel much better.
The small abomination barely misses you.
The lemure misses you. The lemure hits you. The lemure hits you.
You feel sick.
You feel sick. The lemure hits you. The lemure barely misses you.
The lemure hits you. The lemure hits you. The lemure barely misses you.
The lemure misses you. The lemure misses you. The lemure barely misses you.
The lemure misses you. The small abomination misses you.
The small abomination barely misses you.
Read which item? (? for menu, Esc to quit)
As you read the scroll labeled KHEXA CRONUHI, it crumbles to dust.
Use on which item? (\ to view known items) (? for menu, Esc to quit)
m - a cursed -3 ring of intelligence It was a scroll of identify.
You feel sick. The lemure completely misses you. The lemure hits you.
The lemure closely misses you. The small abomination misses you.
The small abomination hits you!
Ouch! That really hurt!
You die...

.# .....# # # .
#..# ## #.# #..
##. .# # ##
#...###...##.##...
.#.#.. .#..#..
.#.#... #.#.### ..
##.##..#.## ## #.
...###.....# .# #
### ##.#..#@## ..#
.. ...#... #x5#
...## . # ###.#.#
..## # #.##..#.3#
. . #.. #..#.## #.
.# ....### .###
#..# # . ... # ...


You could see a smoke demon, a small abomination and a lemure.

Vanquished Creatures
  2 adders (D:2)
  A giant mite (D:1)
  2 giant geckos (D:2)
  2 oozes
  6 bats
  9 giant cockroaches
  4 goblins (D:1)
  9 hobgoblins
  4 kobolds
  3 quokkas (D:2)
  3 giant newts
  2 jackals (D:1)
  6 rats
53 creatures vanquished.

Notes
Turn   | Place    | Note
--------------------------------------------------------------
     0 | D:1      | MDvedh, the Kobold Enchanter, began the quest for the Orb.
     0 | D:1      | Reached XP level 1. HP: 10/10 MP: 3/3
   497 | D:1      | Reached XP level 2. HP: 15/15 MP: 4/4
   532 | D:1      | Learned a level 2 spell: Ensorcelled Hibernation
   805 | D:1      | Reached XP level 3. HP: 11/19 MP: 6/6
  1180 | D:1      | Reached skill level 1 in Ice Magic
  1709 | D:2      | Reached XP level 4. HP: 11/24 MP: 0/8
  1717 | D:2      | HP: 1/24 [hobgoblin/club (4)]
  2185 | D:2      | Found an ancient bone altar of Kikubaaqudgha.
  2218 | D:2      | HP: 1/24 [kobold/elven dagger (1)]
  2915 | D:3      | Noticed Crazy Yiuf
  2925 | D:3      | Cast into the Abyss (Crazy Yiuf)
  3030 | Abyss:1  | Noticed a starcursed mass
  3057 | Abyss:1  | Noticed an orange demon
  3065 | Abyss:1  | Noticed a large abomination
  3079 | Abyss:1  | Noticed a small abomination
  3083 | Abyss:1  | Noticed a wretched star
  3087 | Abyss:1  | Noticed an orange demon
  3109 | Abyss:1  | Noticed a neqoxec
  3127 | Abyss:1  | Noticed a smoke demon
  3128 | Abyss:1  | Noticed a large abomination
  3145 | Abyss:1  | Slain by a small abomination

Action                   |  1- 3 |  4- 6 || total
-------------------------+-------+-------++-------
Melee: Dagger            |   170 |    88 ||   258
Throw: Dart              |     4 |       ||     4
 Cast: Corona            |     1 |       ||     1
       Ensorcelled Hiber |     2 |    16 ||    18
  Use: Potion            |       |     3 ||     3
       Scroll            |       |     2 ||     2
 Stab: Sleeping          |     8 |     8 ||    16
